 Dungeon Crawl Stone Soup version 0.25.1-2-g60ff931df9 (webtiles) character file.

Game seed: 15065964355686567358

387 raphialitos the Covert (level 6, -1/35 HPs)
             Began as a Vampire Assassin on Oct 16, 2020.
             Slain by a hound (2 damage)
             ... on level 4 of the Dungeon.
             The game lasted 00:07:37 (3228 turns).

raphialitos the Covert (Vampire Assassin)           Turns: 3228, Time: 00:07:38

Health: -1/35      AC:  4    Str: 10    XL:     6   Next: 49%
Magic:  6/6        EV: 13    Int: 14    God:
Gold:   150        SH:  0    Dex: 17    Spells: 5/5 levels left

rFire    . . .     SeeInvis +   m - +2 dagger (vamp)
rCold    + + .     Gourm    .   (no shield)
rNeg     + + +     Faith    .   b - +0 robe
rPois    ∞         Spirit   .   (no helmet)
rElec    .         Reflect  .   c - +1 cloak
rCorr    .         Harm     .   (no gloves)
MR       .....                  (no boots)
Stlth    ++++++....             (no amulet)
HPRegen  0.00/turn              (no ring)
MPRegen  0.10/turn              (no ring)

@: bloodless
A: no food, fangs 3, see invisible, unbreathing
a: Bat Form, Revivify


You were on level 4 of the Dungeon.
You were bloodless.

You visited 1 branch of the dungeon, and saw 4 of its levels.

You collected 150 gold pieces.

Inventory:

Hand Weapons
 m - a +2 vampiric dagger (weapon)
 o - a +0 falchion of freezing
Missiles
 d - 23 poisoned darts (quivered)
 e - 2 curare-tipped darts
 g - 32 bolts
 l - 124 arrows
Armour
 b - a +0 robe (worn)
 c - a +1 cloak (worn)
Wands
 j - a wand of iceblast (4)
 p - a wand of acid (3)
 r - a wand of flame (21)
Scrolls
 i - a scroll of amnesia
 q - a scroll of teleportation
 s - a scroll of identify
Potions
 f - a potion of brilliance {unknown}
 h - 2 potions of curing
 k - a potion of cancellation
 t - a potion of stabbing {unknown}


   Skills:
 + Level 2.1 Fighting
 + Level 4.0 Short Blades
 + Level 2.4 Throwing
 + Level 2.2 Dodging
 + Level 9.6 Stealth


You had 5 spell levels left.
You didn't know any spells.
Your spell library was empty.

Dungeon Overview and Level Annotations

Branches:
Dungeon (4/15)
 Temple: D:4-7

Altars:
Ashenzari
Elyvilon
Nemelex Xobeh


Innate Abilities, Weirdness & Mutations

You do not eat.
You do not regenerate when monsters are visible.
You are frail without blood (-20% HP).
You can heal yourself when you bite living creatures.
You are immune to poison.
You have razor-sharp teeth.
You have supernaturally acute eyesight. (SInv)
You can survive without breathing.


Message History

Throwing (i - inventory. (/) - cycle)
d - 24 poisoned darts (quivered)
Press: ? - help, Shift-Dir - straight line, f - hound
Aim: a hound (heavily wounded)
You throw a poisoned dart. The poisoned dart hits the hound.
The hound is poisoned.
The hound is heavily wounded.
The hound bites you.
* * * LOW HITPOINT WARNING * * *
The hound barely misses you.
Okay, then.
The hound misses you. The hound closely misses you.
You hit the hound but do no damage.
The hound is severely wounded.
The gnoll hits you with a +0 club.
* * * LOW HITPOINT WARNING * * *
The hound bites you but does no damage.
The hound looks more healthy.
There is an open door here.
The hound bites you.
You die...

.(...#.# .# #
#...#.##.####
#.#...........##
................
######............
#.................
#.......g.........
#.....(.#h#####...
#........@##### .
#.....).†....<#
######.########
#.# #.# ###.#####
#....hg<#
###.##### #.#


You could see a hound and a gnoll.

Vanquished Creatures
  Grinder (D:3)
  An orc wizard (D:3)
  Natasha (D:2)
  3 gnolls (D:4)
  3 adders
  4 oozes
  3 worms
  3 leopard geckos
  3 orcs (D:3)
  2 giant cockroaches
  9 hobgoblins
  A quokka (D:2)
  8 bats
  A frilled lizard (D:2)
  7 goblins
  5 kobolds
  11 rats
66 creatures vanquished.

Notes
Turn   | Place    | Note
-------+----------+-------------------------------------------
     0 | D:1      | raphialitos the Vampire Assassin began the quest for the
                  | Orb.
     0 | D:1      | Reached XP level 1. HP: 16/16 MP: 1/1
    35 | D:1      | Reached skill level 6 in Stealth
   263 | D:1      | Reached XP level 2. HP: 1/17 MP: 2/2
   736 | D:1      | Reached skill level 7 in Stealth
   798 | D:1      | Reached XP level 3. HP: 21/21 MP: 3/3
  1507 | D:2      | Reached XP level 4. HP: 26/26 MP: 4/4
  1523 | D:2      | Noticed Natasha
  1530 | D:2      | Killed Natasha
  1581 | D:2      | Found a shattered altar of Ashenzari.
  1733 | D:2      | Reached skill level 8 in Stealth
  1957 | D:3      | Reached XP level 5. HP: 22/30 MP: 5/5
  2216 | D:3      | Found a sparkling altar of Nemelex Xobeh.
  2223 | D:3      | Noticed Grinder
  2230 | D:3      | Killed Grinder
  2230 | D:3      | Reached skill level 9 in Stealth
  2230 | D:3      | Reached XP level 6. HP: 35/35 MP: 6/6
  2868 | D:3      | Found a white marble altar of Elyvilon.
  3226 | D:4      | HP: 1/35 [gnoll/+0 club (6)]
  3228 | D:4      | Slain by a hound

Illustrated notes

Levels and vault maps discovered:
D:1:      shiori_arrival_elements, layout_basic, columned_hall_lemuel
D:2:      layout_loops_cross, lemuel_doored_altar, uniq_natasha
D:3:      layout_basic, nemelex_xobeh_ov_fountains_minmay,
          lemuel_coloured_pillars_altar, serial_forest,
          infiniplex_forest_lined_corner, infiniplex_forest_diagonal,
          infiniplex_forest_clump_small, infiniplex_forest_diagonal,
          infiniplex_forest_clump_small, infiniplex_forest_straight_2,
          uniq_grinder
D:4:      layout_basic, lemuel_round_altar, serial_shops, shop, first_ration,
          gup_sewer_entry_glass

Skill      XL: |  1  2  3  4  5  6 |
---------------+-------------------+-----
Stealth        | 6 7 8 9 |  9.6
Throwing       | 2 |  2.4
Short Blades   | 3 4 |  4.0
Fighting       | 2 |  2.1
Dodging        | 2 |  2.2

Action                   |  1- 3 |  4- 6 || total
-------------------------+-------+-------++-------
Melee: Dagger            |    59 |   107 ||   166
       Bite              |       |    15 ||    15
Throw: Dart              |    27 |     9 ||    36
 Abil: Exsanguinate      |     1 |       ||     1
  Use: Scroll            |     5 |     4 ||     9
 Stab: Sleeping          |    17 |    15 ||    32
       Distracted        |     1 |       ||     1
Armor: Robe              |    13 |    29 ||    42
Dodge: Dodged            |    42 |    66 ||   108
